 Dungeon Crawl Stone Soup version 0.26-a0-652-gafc20e3620 (webtiles) character file.

Game seed: 1668322270779095224

495 reriks the Covered (level 7, -5/44 HPs)
             Began as a Gargoyle Fighter on Oct 2, 2020.
             Slain by Menkaure (11 damage)
             ... on level 4 of the Dungeon.
             The game lasted 00:04:59 (3858 turns).

reriks the Covered (Gargoyle Fighter)               Turns: 3858, Time: 00:05:00

Health: -5/44      AC: 15    Str: 20    XL:     7   Next: 15%
Magic:  7/7        EV:  7    Int: 10    God:
Gold:   223        SH:  9    Dex:  9    Spells: 6/6 levels left

rFire    . . .     SeeInvis .   a - +0 flail
rCold    . . .     Faith    .   c - +0 kite shield
rNeg     + . .     Spirit   .   b - +0 scale mail
rPois    ∞         Reflect  .   i - +0 helmet
rElec    +         Harm     .   (no cloak)
rCorr    .         Rampage  .   s - +0 pair of gloves
MR       .....                  f - +0 pair of boots
Stlth    ..........             (no amulet)
HPRegen  0.14/turn              (no ring)
MPRegen  0.10/turn              (no ring)

@: mighty, slowed, very slow
A: negative energy resistance 1, electricity resistance, unbreathing,
petrification resistance, rot immunity, AC +4
a: no special abilities


You were on level 4 of the Dungeon.
You visited 1 branch of the dungeon, and saw 4 of its levels.

You collected 223 gold pieces.

Inventory:

Hand Weapons
 a - a +0 flail (weapon)
Missiles
 j - 6 javelins (quivered)
 r - 5 boomerangs
Armour
 b - a +0 scale mail (worn)
 c - a +0 kite shield (worn)
 f - a +0 pair of boots (worn)
 i - a +0 helmet (worn)
 s - a +0 pair of gloves (worn)
Jewellery
 x - an uncursed amulet of regeneration {unknown}
Wands
 e - a wand of paralysis (11)
Scrolls
 h - a scroll of enchant weapon {unknown}
 k - 2 scrolls of remove curse {unknown}
 p - a scroll of teleportation {unknown}
 q - 2 scrolls of immolation {unknown}
 t - a scroll of amnesia {unknown}
 v - a scroll of identify
Potions
 d - a potion of might
 g - 3 potions of cancellation
 l - a potion of lignification
 m - 3 potions of curing
 n - 2 potions of heal wounds {unknown}
 o - a potion of degeneration {unknown}
 u - 3 potions of flight {unknown}
 w - a potion of brilliance {unknown}


   Skills:
 + Level 4.9 Fighting
 + Level 3.8 Maces & Flails
 + Level 2.1 Throwing
 + Level 5.0 Armour
 + Level 4.9 Shields


You had 6 spell levels left.
You didn't know any spells.
Your spell library contained the following spells:

 Spells                   Type           Power        Failure   Level
 Pain                     Necr           #...         98%         1


Dungeon Overview and Level Annotations

Branches:
Dungeon (4/15)
 Temple: D:4-7

Altars:
Kikubaaqudgha
Makhleb
Okawaru
Qazlal
Sif Muna
Trog
Uskayaw
Vehumet

Shops:
D:4 =

Annotations:
D:4 Menkaure, Natasha


Innate Abilities, Weirdness & Mutations

You are resistant to torment.
Your stone body is resilient. (AC +4)
You are immune to poison.
You resist negative energy. (rN+)
You are resistant to electric shocks. (rElec)
You can survive without breathing.
You are immune to petrification.
You are immune to rotting.


Message History

* * * LOW HITPOINT WARNING * * *
Natasha convulses!
Natasha claws you but does no damage.
Your shield and scale mail prevent you from hitting Menkaure.
Menkaure is moderately damaged.
Natasha barely misses you. You block Menkaure's attack.
Natasha claws you but does no damage. Menkaure closely misses you.
You sock Menkaure!
Menkaure is almost destroyed.
Natasha claws you but does no damage.
Menkaure gestures at you while chanting.
Pain shoots through your body!
* * * LOW HITPOINT WARNING * * *
Natasha claws you.
* * * LOW HITPOINT WARNING * * *
You hit Menkaure.
Menkaure is almost destroyed.
Natasha casts a spell at you.
The magic dart hits you but does no damage.
Menkaure hits you!
You die...

.............##.#
##...............#
###.........##..####
...............#
#.........###.#
####.##....## #.#
.........#.# #.#
##.##.h.###.## #.####
#.#...M@.......# #....#
#.#.##########.# ####.##
....#........#.######...
#.#.#........'........##
#.#.#........#.######.#
#.#.#........#...# #.#
#...#........#.#.# #.#
#...#........#.#.####.#
#.#.'........#........#


You could see Menkaure and Natasha.

Vanquished Creatures
  Duvessa (D:4)
  Dowan (D:4)
  A hound (D:4)
  An orc priest (D:4)
  2 orc wizards (D:3)
  8 gnolls (D:3)
  4 adders (D:2)
  An adder skeleton (D:4)
  5 worms
  2 dart slugs
  4 leopard geckos
  10 orcs
  8 bats
  3 giant cockroaches
  7 goblins
  10 hobgoblins
  4 jackals
  A quokka (D:2)
  2 ball pythons
  7 frilled lizards
  11 kobolds
  6 rats
99 creatures vanquished.

Notes
Turn   | Place    | Note
-------+----------+-------------------------------------------
     0 | D:1      | reriks the Gargoyle Fighter began the quest for the Orb.
     0 | D:1      | Reached XP level 1. HP: 14/14 MP: 1/1
    88 | D:1      | Reached XP level 2. HP: 19/19 MP: 2/2
   441 | D:1      | Reached XP level 3. HP: 23/23 MP: 3/3
  1055 | D:2      | Reached XP level 4. HP: 25/29 MP: 4/4
  1139 | D:2      | Found an iron altar of Okawaru.
  1139 | D:2      | Found a burning altar of Makhleb.
  1289 | D:2      | Reached skill level 4 in Armour
  1422 | D:2      | Found a shimmering blue altar of Sif Muna.
  1563 | D:2      | Found a radiant altar of Vehumet.
  1576 | D:2      | Found an ancient bone altar of Kikubaaqudgha.
  1577 | D:2      | Found a shimmering blue altar of Sif Muna.
  1582 | D:2      | Identified Kikubaaqudgha's Reference Book on Dark Rites
  1866 | D:3      | Reached XP level 5. HP: 30/33 MP: 5/5
  1898 | D:3      | Found a hide-covered altar of Uskayaw.
  2161 | D:3      | Reached skill level 1 in Throwing
  2834 | D:3      | Found a bloodstained altar of Trog.
  2834 | D:3      | Found a stormy altar of Qazlal.
  2897 | D:3      | Reached XP level 6. HP: 32/39 MP: 6/6
  3168 | D:4      | Found Caeruero's Jewellery Shop.
  3213 | D:4      | Noticed Duvessa
  3213 | D:4      | Noticed Dowan
  3233 | D:4      | Killed Duvessa
  3243 | D:4      | Killed Dowan
  3578 | D:3      | Reached XP level 7. HP: 44/44 MP: 7/7
  3592 | D:4      | Reached skill level 5 in Armour
  3841 | D:4      | Noticed Menkaure
  3848 | D:4      | Noticed Natasha
  3858 | D:4      | Slain by Menkaure

Illustrated notes

Levels and vault maps discovered:
D:1:      erik_arrival_orb_chamber, layout_basic
D:2:      layout_loops_ring, grunt_temple_overflow_magic_moments,
          gammafunk_temple_overflow_wave, led_sif_pool
D:3:      layout_loops_ring, eat_drink_and_be_merry_uskayaw,
          gammafunk_temple_overflow_elements, serial_park_tiny_pond
D:4:      layout_loops_ring, serial_shops, nicolae_shop_behind_doors,
          minivault_25, uniq_natasha, uniq_duvessa, uniq_menkaure,
          uniq_crazy_yiuf_cottage

Skill      XL: |  1  2  3  4  5  6  7 |
---------------+----------------------+-----
Armour         | 4 5 |  5.0
Fighting       | 4 |  4.9
Shields        | 4 |  4.9
Maces & Flails | 3 |  3.8
Throwing       | 1 2 |  2.1

Action                   |  1- 3 |  4- 6 |  7- 9 || total
-------------------------+-------+-------+-------++-------
Melee: Flail             |   128 |   285 |    32 ||   445
Throw: Javelin           |       |     3 |       ||     3
  Use: Scroll            |       |     3 |       ||     3
       Potion            |       |       |     1 ||     1
Armor: Scale mail        |    68 |   173 |    17 ||   258
Dodge: Dodged            |    44 |    87 |     7 ||   138
Block: Kite shield       |    63 |   155 |    16 ||   234

Table legend: (Time is in decaauts)
 A = Elapsed time spent in this place.
 B = Non-inter-level travel time spent in this place.
 C = Inter-level travel time spent in this place.
 D = Time resting spent in this place.
 E = Time spent auto-exploring this place.
 F = Levels seen in this place.
 G = Mean time per level.
                   A        B        C        D        E       F      G
               +--------+--------+--------+--------+--------+-----+--------+
         Total |   4013 |   3949 |     64 |    533 |   2425 |   4 | 1003.2 |
       Dungeon |   4013 |   3949 |     64 |    533 |   2425 |   4 | 1003.2 |
               +--------+--------+--------+--------+--------+-----+--------+

Top non-repeatable levels by time:
     D:3: 1448 daAuts
     D:2: 989 daAuts
     D:1: 888 daAuts
     D:4: 687 daAuts
